[Event "Late-Titled-Tuesday-Blitz-January-23-2024"]
[Site "Chess.com"]
[Date "2024.01.23"]
[Round "8"]
[White "DeArron_Fox"]
[Black "Crazy_girl99"]
[Result "1-0"]
[WhiteElo "2449"]
[BlackElo "2590"]
[TimeControl "180+1"]
[EndTime "15:25:26 PST"]
[Termination "DeArron_Fox won by checkmate"]

1. d4 Nf6 2. c4 e6 3. Nf3 b6 4. g3 Bb7 5. Bg2 Bb4+ 6. Bd2 a5 7. O-O O-O 8. Bf4 Na6 9. c5 bxc5 10. a3 cxd4 11. axb4 Nxb4 12. Nxd4 Bxg2 13. Kxg2 d6 14. Nc2 Qb8 15. Nba3 Qb7+ 16. Kg1 Nfd5 17. Bd2 Rfb8 18. Nc4 Qb5 19. b3 Nxc2 20. Qxc2 Qxb3 21. Qxb3 Rxb3 22.
Nxa5 Rb2 23. Nc4 Rbb8 24. e4 Nf6 25. f3 h6 26. e5 dxe5 27. Nxe5 Nd5 28. Rxa8 Rxa8 29.
Rc1 Ra2 30. Be1 f6 31. Nc6 Kf7 32. Nb4 Ra7 33. Nxd5 exd5 34. Bf2 Rb7 35. Rc6 Ke7 36. Bc5+ Kd7 37. Ra6 Rb5 38. Bf8 Rb1+ 39. Kg2 Rb2+ 40.
Kh3 Rb6 41. Rxb6 cxb6 42. Bxg7 Ke6 43. Bxh6 b5 44. Bd2 d4 45. Kg4 Kd5 46. h4 Kc4 47.
h5 Kd3 48. Ba5 Kc4 49. h6 b4 50. Bxb4 Kxb4 51. h7 d3 52. h8=Q d2 53. Qd8 Kc3 54. Kf5 Kc2 55. Kxf6 d1=Q 56. Qxd1+ Kxd1 57. g4 Ke2 58.
g5 Kxf3 59. g6 Kf4 60. g7 Ke4 61. g8=Q Kf4 62. Qe6 Kf3 63. Qe5 Kg4 64. Qf5+ Kg3 65. Kg5 Kg2 66. Qf4 Kg1 67. Qd2 Kh1 68. Kg4 Kg1 69.
Kg3 Kh1 70. Qd1# 1-0

[Event "Late-Titled-Tuesday-Blitz-January-23-2024"]
[Site "Chess.com"]
[Date "2024.01.23"]
[Round "8"]
[White "sergeikim"]
[Black "finec2"]
[Result "1-0"]
[WhiteElo "2416"]
[BlackElo "2204"]
[TimeControl "180+1"]
[EndTime "15:25:26 PST"]
[Termination "sergeikim won on time"]

1. d4 Nf6 2. c4 g6 3. Nc3 Bg7 4. e4 d6 5. Nge2 O-O 6. Ng3 c5 7. d5 e6 8. Be2 exd5 9. cxd5 Na6 10. O-O Nc7 11. a4 b6 12. Bf4 a6 13. Qd2 Re8 14. Bh6 Bh8 15. h3 Bb7 16. f4 Qd7 17. Bf3 b5 18.
Rae1 b4 19. Nd1 Qxa4 20. e5 dxe5 21. d6 Bxf3 22. Rxf3 Ne6 23. fxe5 Nd7 24. Ne4 Nd4 25. Rf2 Bxe5 26. Ne3 Qc6 27. Ng4 Bg7 28. Bxg7 Rxe4 29. Rxe4 Qxe4 30. Qh6 Nf5 31. Rxf5 Qxf5 32. Ne3 Qh5 33.
Nd5 Qxh6 34. Bxh6 f5 35. Kf2 Kf7 36. Bf4 Rd8 37. Nc7 Nf6 38. Nxa6 Ne4+ 39. Ke3 c4 40.
Nxb4 Nxd6 41. Nc6 Rc8 42. Ne5+ Ke6 43. Nf3 Ne4 44. Nd4+ Kd5 45. Nb5 Kc5 46. Nd4 Kb4 47.
Ne6 Kb3 48. Be5 Nc5 49. Nd4+ 1-0

[Event "Late-Titled-Tuesday-Blitz-January-23-2024"]
[Site "Chess.com"]
[Date "2024.01.23"]
[Round "8"]
[White "Korchmar_Vasiliy"]
[Black "toninhojit"]
[Result "0-1"]
[WhiteElo "2730"]
[BlackElo "2530"]
[TimeControl "180+1"]
[EndTime "15:25:28 PST"]
[Termination "toninhojit won on time"]

1. e4 e5 2. Nf3 Nc6 3. Bc4 Nf6 4.
d3 Be7 5. Nc3 O-O 6. O-O d6 7. a4 h6 8. Re1 a6 9. h3 Be6 10. Nd5 Bxd5 11. exd5 Nb8 12. d4 exd4 13. Nxd4 Nbd7 14. Nf5 Re8 15. Bf4 Bf8 16. Qd4 Nb6 17. Bb3 Rxe1+ 18. Rxe1 Nbd7 19. Re3 Nh5 20. Bh2 Qf6 21.
Qg4 Qg6 22. Ne7+ Bxe7 23. Rxe7 Qxg4 24. hxg4 Nhf6 25. f3 Kf8 26. Re3 Nc5 27. a5 Re8 28.
Rxe8+ Kxe8 29. Bc4 Na4 30. b4 Nc3 31. Bf4 Ncxd5 32.
Bd2 c6 33. Bd3 Ke7 34. Kf2 Nc7 35. c4 d5 36. Ke3 Kd6 37. Kd4 Ne6+ 38. Kc3 d4+ 39.
Kb3 c5 40. b5 Nd7 41. Be1 g5 42. Bg3+ Nf4 43. Be4 Kc7 44. Bh2 Ne5 45. g3 Ne2 46. f4 Nd7 47. Kc2 Nf6 48. Bf3 Nc3 0-1

[Event "Late-Titled-Tuesday-Blitz-January-23-2024"]
[Site "Chess.com"]
[Date "2024.01.23"]
[Round "8"]
[White "StankovicIvan"]
[Black "GothamChess"]
[Result "1-0"]
[WhiteElo "2561"]
[BlackElo "2753"]
[TimeControl "180+1"]
[EndTime "15:25:29 PST"]
[Termination "StankovicIvan won by checkmate"]

1. e4 d5 2. exd5 Qxd5 3. Nf3 Nf6 4. d4 Bg4 5. Be2 e6 6. O-O Be7 7.
Be3 O-O 8. c4 Qd8 9. Nc3 c6 10.
h3 Bh5 11. Ne5 Bxe2 12. Qxe2 Nbd7 13. Rad1 a5 14. Rfe1 a4 15. Bf4 a3 16. b3 Qa5 17.
Ne4 Nxe4 18. Qxe4 Nf6 19. Qe3 Bb4 20. Re2 Rfe8 21. g4 Rad8 22. Qf3 Rf8 23. g5 Ne8 24. c5 Bxc5 25. Nc4 Qa6 26. Re4 Be7 27. Bc1 b5 28. Ne5 f6 29. Qh5 fxe5 30. Rh4 Nf6 31. gxf6 Bxf6 32.
Qxh7+ Kf7 33. Rg4 Rh8 34. Qg6+ Ke7 35. Bg5 Bxg5 36. Qxg7+ Kd6 37. Qxe5+ Kd7 38. Rxg5 Rh7 39. Re1 Re8 40. Rg6 Ree7 41. Rxe6 Rhg7+ 42. Kh2 Ref7 43. Qd6+ Kc8 44. Re8+ Kb7 45. Qb8# 1-0

[Event "Late-Titled-Tuesday-Blitz-January-23-2024"]
[Site "Chess.com"]
[Date "2024.01.23"]
[Round "8"]
[White "Arifarsky"]
[Black "brunoo2003"]
[Result "0-1"]
[WhiteElo "2682"]
[BlackElo "2542"]
[TimeControl "180+1"]
[EndTime "15:25:29 PST"]
[Termination "brunoo2003 won by resignation"]

1. e4 e6 2. Nf3 d5 3. Nc3 Nf6 4.
Bd3 c5 5. exd5 exd5 6. O-O Be7 7. Bb5+ Nc6 8. h3 O-O 9. Bxc6 bxc6 10. Re1 Bf5 11. d3 Bd6 12. b3 h6 13. Na4 Nd7 14.
Ba3 g6 15. Qd2 Kh7 16. Qc3 a5 17. Nxc5 Nxc5 18. Bxc5 a4 19. b4 Be6 20. a3 Re8 21.
Bxd6 Qxd6 22. Qf6 c5 23. Ne5 Ra7 24. b5 Rb7 25. Rab1 d4 26. Re4 Qd8 27. Qf4 Bd5 28. Ree1 Qg5 29. Qxg5 hxg5 30. b6 Reb8 31. Rb5 Rxb6 32.
Rxc5 Rb5 33. Rc7 R8b7 34. Rc8 Rb2 35. Ng4 Be6 36. Nf6+ Kg7 37. Ne8+ Kh7 38. Nf6+ Kg7 39. Ne4 Rb1 40. Kf1 Rxe1+ 41. Kxe1 Bxc8 0-1

[Event "Late-Titled-Tuesday-Blitz-January-23-2024"]
[Site "Chess.com"]
[Date "2024.01.23"]
[Round "8"]
[White "GHANDEEVAM2003"]
[Black "FabianoCaruana"]
[Result "1-0"]
[WhiteElo "3083"]
[BlackElo "3050"]
[TimeControl "180+1"]
[EndTime "15:25:32 PST"]
[Termination "GHANDEEVAM2003 won on time"]

1. c4 e5 2. d3 Nf6 3. Nf3 Nc6 4. a3 d5 5. cxd5 Nxd5 6. e4 Nf6 7. Be2 Bd6 8. O-O O-O 9. h3 a5 10. Be3 h6 11. Nc3 Be6 12. Rc1 Re8 13. Qa4 Bd7 14. Qc2 Ne7 15. d4 exd4 16. Nxd4 Ng6 17. Rfd1 Qe7 18.
Nf5 Bxf5 19. exf5 Nf4 20. Bf3 Qe5 21. g3 Nxh3+ 22. Kg2 Ng5 23. Bxb7 Rab8 24. Bd4 Qe7 25. Bc6 Red8 26. Re1 Qf8 27. Bxf6 gxf6 28. f4 Nh7 29. Nd5 Qg7 30. Rh1 Bf8 31. Rh4 Rd6 32. Kf3 a4 33. Qxa4 Rxb2 34. Rc2 Rb1 35. Qc4 Rg1 36. Rg4 Ng5+ 37.
fxg5 hxg5 38. Rh2 Rd8 39. Qc3 Rf1+ 40. Ke4 Rd6 41. Rh5 1-0

[Event "Late-Titled-Tuesday-Blitz-January-23-2024"]
[Site "Chess.com"]
[Date "2024.01.23"]
[Round "8"]
[White "Fandorine"]
[Black "FairChess_on_YouTube"]
[Result "0-1"]
[WhiteElo "2984"]
[BlackElo "3097"]
[TimeControl "180+1"]
[EndTime "15:25:34 PST"]
[Termination "FairChess_on_YouTube won by checkmate"]

1. d4 Nf6 2. c4 e6 3. Nf3 d5 4. g3 Be7 5. Bg2 O-O 6. O-O Nbd7 7. b3 c6 8. Nc3 b6 9. Qd3 a5 10. e4 Ba6 11. a4 Rc8 12. e5 Ne8 13. Rd1 Nc7 14. h4 h6 15. Bb2 Bb4 16. Ne2 c5 17. Qc2 Qe7 18. Rac1 Rfd8 19. Nf4 Bb7 20. dxc5 Nxc5 21.
Nd4 Qe8 22. Qe2 Ba6 23. Nh5 Kh8 24. Qg4 Qg8 25. Nc6 Re8 26. cxd5 Nxd5 27. Bxd5 exd5 28.
e6 Nxe6 29. Nxb4 axb4 30. Rxc8 Bxc8 31. Qxb4 f6 32. Qb5 Qf7 33. Qxd5 Rd8 34. Qf3 Bb7 35. Rxd8+ Nxd8 36. Qd1 Ne6 37. Qg4 Nc5 38. b4 Qd5 39. f3 Qd1+ 40. Kh2 Qe2+ 41. Kg1 Qe1+ 42. Kg2 Qe2+ 43. Kg1 Ne6 44. Bxf6 Bxf3 45. Bxg7+ Kg8 46. Nf6+ Kf7 47. Qc4 Qg2# 0-1

[Event "Late-Titled-Tuesday-Blitz-January-23-2024"]
[Site "Chess.com"]
[Date "2024.01.23"]
[Round "8"]
[White "ContrVersia"]
[Black "ozates"]
[Result "0-1"]
[WhiteElo "2838"]
[BlackElo "2643"]
[TimeControl "180+1"]
[EndTime "15:25:34 PST"]
[Termination "ozates won by resignation"]

1. c4 c5 2. Nc3 Nc6 3. Nf3 g6 4. e3 Nf6 5. d4 cxd4 6. exd4 d5 7.
cxd5 Nxd5 8. Qb3 e6 9. Bb5 Bg7 10. O-O O-O 11. Bxc6 bxc6 12. Re1 Qb6 13. Qc2 Nxc3 14.
Qxc3 Rd8 15. Bg5 Rd5 16. Be3 Ba6 17. Rac1 Rc8 18. Qc2 h6 19. b3 g5 20. h3 Bb7 21. h4 g4 22. Ne5 c5 23. dxc5 Qd8 24. Nxg4 Qxh4 25. f3 h5 26. Qf2 Qe7 27. Nh2 Bf6 28. Rc4 Kh8 29. Kh1 Bc6 30. Bf4 Rg8 31. Bd6 Qd7 32. Nf1 Bb5 33. Rf4 Bg5 34. Rfe4 Bc6 35.
Re5 Rxe5 36. Rxe5 f6 37. Re1 e5 38. Ne3 Qg7 39. b4 Bf4 40. Nf1 Qg5 41. a4 Bxa4 42. Qa2 Bb5 43. Be7 Qh4+ 44. Kg1 Qxe1 45. Bxf6+ Kh7 46.
Qf7+ Kh6 0-1

[Event "Late-Titled-Tuesday-Blitz-January-23-2024"]
[Site "Chess.com"]
[Date "2024.01.23"]
[Round "8"]
[White "Actuary44"]
[Black "GMAkobianSTL"]
[Result "1-0"]
[WhiteElo "2496"]
[BlackElo "2728"]
[TimeControl "180+1"]
[EndTime "15:25:34 PST"]
[Termination "Actuary44 won by resignation"]

1. e4 d6 2. d4 Nf6 3. Nc3 c6 4. Bg5 Nbd7 5. f3 e5 6. dxe5 dxe5 7. Bc4 b5 8. Bb3 a5 9. a4 b4 10. Nce2 Bc5 11. Nh3 O-O 12. Ng3 Qb6 13. Qe2 Bd4 14.
O-O-O Ba6 15. Bc4 g6 16. Bh6 Rfe8 17. Ng5 Re7 18. h4 Nc5 19. b3 Ncd7 20. h5 Bxc4 21. Qxc4 Qc5 22. Qxc5 Bxc5 23. Nh3 Bf2 24. Nxf2 c5 25. Bg5 Re6 26. Ng4 c4 27. Nxf6+ Nxf6 28. Bxf6 Rxf6 29. bxc4 Rc8 30. Rd5 Rfc6 31. c5 Rxc5 32.
Rxc5 Rxc5 33. h6 Kf8 34. Kb2 Ke7 35. Rd1 f6 36. Rd5 Rxd5 37. exd5 f5 38. c3 Kd6 39. c4 Kc5 40. Kb3 Kd6 41. Nf1 Kc5 42. Ne3 Kd6 43. g4 f4 44. Nd1 e4 45. fxe4 f3 46. Nf2 g5 47. Nd1 Ke5 48. Nf2 Kf4 49. d6 Ke3 50. d7 Kxf2 51. d8=Q Kg2 52. Qxg5 f2 53. Qf4 f1=Q 54.
Qxf1+ Kxf1 55. e5 1-0

[Event "Late-Titled-Tuesday-Blitz-January-23-2024"]
[Site "Chess.com"]
[Date "2024.01.23"]
[Round "8"]
[White "ChristopherYoo"]
[Black "mishanick"]
[Result "1-0"]
[WhiteElo "2993"]
[BlackElo "3061"]
[TimeControl "180+1"]
[EndTime "15:25:36 PST"]
[Termination "ChristopherYoo won by checkmate"]

1. e4 c5 2. Nf3 e6 3. g3 Nc6 4. Bg2 Nf6 5. Qe2 d5 6. exd5 Nxd5 7. O-O Be7 8. Rd1 Bf6 9. Nc3 O-O 10. Ne4 Be7 11. c4 Ndb4 12. d3 e5 13. h3 Bf5 14.
a3 Na6 15. Nc3 Bd6 16. Bg5 f6 17. Be3 Nc7 18. Nh4 Be6 19. Ne4 Nd4 20. Bxd4 exd4 21. Nxd6 Qxd6 22. Bxb7 Rae8 23. Qh5 Bxh3 24. Re1 Bd7 25. Be4 f5 26. Bxf5 Rxe1+ 27. Rxe1 Bxf5 28. Nxf5 Qf6 29. Ne7+ Kh8 30. Re2 Qd6 31. Qg4 Re8 32. Nf5 Qd7 33. Rxe8+ Nxe8 34. Qe4 h6 35. Qe5 Qc6 36.
Qe7 Kh7 37. Qf7 Qf3 38. Nxh6 Qd1+ 39. Kg2 Nf6 40. Nf5 Qg4 41. Nh4 Qe2 42. Qg6+ Kg8 43.
Nf5 Ne8 44. Nh6+ Kh8 45. Nf7+ Kg8 46. Ng5 Qe7 47. Qh7+ Kf8 48. Qh8# 1-0

[Event "Late-Titled-Tuesday-Blitz-January-23-2024"]
[Site "Chess.com"]
[Date "2024.01.23"]
[Round "8"]
[White "Nf3c5"]
[Black "Felix-Rose"]
[Result "0-1"]
[WhiteElo "2517"]
[BlackElo "2335"]
[TimeControl "180+1"]
[EndTime "15:25:38 PST"]
[Termination "Felix-Rose won on time"]

1. d4 d5 2. Nf3 Nf6 3. c4 e6 4. cxd5 exd5 5. Nc3 Bb4 6. Bg5 Nbd7 7. Nd2 h6 8. Bh4 g5 9. Bg3 c5 10. e3 Qa5 11.
Be2 cxd4 12. exd4 Bxc3 13. bxc3 Qxc3 14. O-O Qxd4 15. Bd6 Ne4 16. Nxe4 Qxd1 17. Raxd1 dxe4 18. Rd4 f5 19. Bh5+ Kd8 20. Rfd1 Rg8 21. Bf7 Rg7 22.
Be6 f4 23. Rxe4 a5 24. Bg4 Ra6 25. Bh5 Rg8 26. Bf7 Rh8 27. h4 b5 28. Re7 Rxd6 29. Rxd6 Kxe7 30. Rc6 Kxf7 31. h5 Ke7 32. Rc7 Kd6 33.
Rc1 Bb7 34. Rd1+ Bd5 35. f3 Ne5 36. Re1 Rc8 37. Rd1 Rc2 38. a3 Ra2 39. Rc1 Rxa3 40. Rc8 b4 41. Rd8+ Nd7 42. Rh8 b3 43. Rxh6+ Be6 44. Rxe6+ Kxe6 45. h6 b2 46. h7 b1=Q+ 47. Kh2 Qxh7+ 0-1

[Event "Late-Titled-Tuesday-Blitz-January-23-2024"]
[Site "Chess.com"]
[Date "2024.01.23"]
[Round "8"]
[White "Fernando_Offermann"]
[Black "Vladimir_2020"]
[Result "0-1"]
[WhiteElo "2458"]
[BlackElo "2717"]
[TimeControl "180+1"]
[EndTime "15:25:39 PST"]
[Termination "Vladimir_2020 won by resignation"]

1. d4 d5 2. c4 e6 3. Nc3 Nf6 4. Nf3 a6 5. cxd5 exd5 6. Bg5 Be6 7.
e3 Nbd7 8. Ne5 Be7 9. f4 Nxe5 10. dxe5 Ng4 11. Bxe7 Qxe7 12. Qd2 Rd8 13. Be2 Qc5 14.
Bxg4 Bxg4 15. Rc1 d4 16. Ne2 Qd5 17. O-O dxe3 18. Qxe3 c6 19. Nc3 Qd4 20. Qxd4 Rxd4 21. h3 Be6 22. Rcd1 Rxd1 23. Rxd1 Ke7 24. a3 f6 25.
exf6+ gxf6 26. Kf2 h5 27. Ne4 Bd5 28. Nc3 Bb3 29. Rd2 Rg8 30. g3 a5 31. h4 a4 32.
Ne4 b6 33. Nc3 Ke6 34. Re2+ Kf5 35. Rd2 Ke6 36. Re2+ Kf7 37. Rd2 Ke7 38. Re2+ Kd7 39. Rd2+ Kc7 40. Ne4 Rf8 41. Nc3 b5 42. Ne4 Bd5 43.
Nc3 Kd6 44. Ne4+ Ke6 45. Nc3 Rb8 46. Ke3 Kd6 47. Kd4 Re8 48. Re2 c5+ 49. Kd3 Bc4+ 50. Kd2 Bxe2 51. Nxe2 Kd5 52. Kd3 c4+ 53. Kd2 Ke4 0-1

[Event "Late-Titled-Tuesday-Blitz-January-23-2024"]
[Site "Chess.com"]
[Date "2024.01.23"]
[Round "8"]
[White "JoakimVonAnd"]
[Black "mbojan"]
[Result "0-1"]
[WhiteElo "2626"]
[BlackElo "2875"]
[TimeControl "180+1"]
[EndTime "15:25:43 PST"]
[Termination "mbojan won by resignation"]

1. d4 Nf6 2. Nf3 e6 3. Bf4 h6 4. h4 c5 5. c3 Nc6 6. e3 d5 7. Nbd2 Bd6 8. Bd3 O-O 9. O-O Qc7 10. g3 e5 11. dxe5 Nxe5 12. Nxe5 Bxe5 13. Nf3 Bxf4 14. exf4 Bg4 15. Be2 Rfe8 16. Re1 Bxf3 17. Bxf3 Rxe1+ 18. Qxe1 Re8 19. Qd2 Rd8 20. Rd1 b6 21. Qe3 Rd6 22. Qe5 Qd7 23. Kg2 d4 24. cxd4 Rxd4 25. Re1 Rd2 26. g4 Nh7 27. g5 hxg5 28.
hxg5 Nf8 29. f5 Qd8 30. Qe7 Qd4 31. Re2 Rxe2 32. Qxe2 Qf4 33. g6 fxg6 34. fxg6 Nxg6 35. Qe8+ Kh7 36. Be4 Qf6 37. b3 Kh6 38. Kf1 Nf4 39. Qh8+ Kg5 40. Bb1 Qd4 41. Kg1 Qd1+ 42. Kh2 Qxb1 43.
Qxg7+ Ng6 44. Qc3 Qf5 45. Qg3+ Kh5 46. Qh3+ Qxh3+ 47. Kxh3 Kg5 48. Kg3 Kf5 49. Kf3 b5 50. Ke3 Ke5 51. Kd3 Kf4 52. a4 a6 53. axb5 axb5 54.
Kc3 Ne5 55. b4 c4 56. Kd4 Kf3 57. Kxe5 c3 58. Kd4 c2 59. Kc5 c1=Q+ 60. Kxb5 Qc8 61. Kb6 Qb8+ 0-1

[Event "Late-Titled-Tuesday-Blitz-January-23-2024"]
[Site "Chess.com"]
[Date "2024.01.23"]
[Round "8"]
[White "thesupera12"]
[Black "DonJuan_34"]
[Result "0-1"]
[WhiteElo "2508"]
[BlackElo "2398"]
[TimeControl "180+1"]
[EndTime "15:25:43 PST"]
[Termination "DonJuan_34 won by resignation"]

1. d4 Nf6 2. Bg5 e6 3. Nf3 d5 4.
g3 Be7 5. Bg2 O-O 6. O-O Nbd7 7.
Nbd2 c5 8. c4 cxd4 9. Nxd4 h6 10. Bxf6 Nxf6 11. Rc1 Bd7 12. Qb3 Qb6 13. cxd5 Qxb3 14.
N2xb3 exd5 15. Nc5 Bxc5 16. Rxc5 Rfc8 17. Rfc1 Rxc5 18.
Rxc5 Rc8 19. Rxc8+ Bxc8 20. Nb5 Bd7 21. Nxa7 Kf8 22. e3 Ke7 23. Bf1 Kd6 24. Nb5+ Bxb5 25.
Bxb5 Kc5 26. Bd3 d4 27. e4 Nd7 28. Kf1 Kb4 29. Ke2 Nc5 30. Kd2 g5 31. f3 Nd7 32.
f4 f6 33. Bc2 Nc5 34. a3+ Kc4 35. b4 Ne6 36. f5 Nd8 37. Bd1 d3 38. Bh5 Kd4 39. Bf3 Nc6 40. b5 Ne5 41. Bg2 Nc4+ 42. Kc1 Kc3 43. Bf3 d2+ 44. Kb1 Nxa3+ 45. Ka2 Nc4 46.
b6 Kc2 47. Be2 Nxb6 48. e5 fxe5 49. f6 Nd7 50. f7 d1=Q 51. Bxd1+ Kxd1 52. Kb3 e4 53. Kc4 e3 54. Kd5 e2 55. Kd6 Nf8 56. Ke7 Ng6+ 57. Kf6 Nf8 58. Ke7 e1=Q+ 59. Kxf8 b5 60. Kg7 Qe7 61. Kg8 Qe6 62. Kg7 Qe5+ 63. Kg8 Qe6 64.
Kg7 Qxf7+ 65. Kxf7 b4 66. Kg6 b3 67. Kxh6 b2 68.
Kxg5 b1=Q 69. h4 Ke2 70. h5 Kf3 71. Kf6 Qb8 72. g4 Kxg4 73. h6 Qh8+ 74. Kg6 Kh4 75. h7 Kg4 76. Kh6 Kf5 0-1

[Event "Late-Titled-Tuesday-Blitz-January-23-2024"]
[Site "Chess.com"]
[Date "2024.01.23"]
[Round "8"]
[White "DvaHrasta"]
[Black "angelgab3"]
[Result "0-1"]
[WhiteElo "2490"]
[BlackElo "2694"]
[TimeControl "180+1"]
[EndTime "15:25:44 PST"]
[Termination "angelgab3 won by checkmate"]

1. c4 e6 2. d4 d5 3. Nf3 Nf6 4. Bg5 dxc4 5. Nc3 a6 6. a4 Nc6 7. a5 Bb4 8. e4 h6 9. Bxf6 Qxf6 10. Bxc4 Bxa5 11. O-O O-O 12. e5 Qd8 13. d5 exd5 14.
Bxd5 Bb6 15. Bxc6 bxc6 16. Qa4 Bd7 17. Rad1 Qe7 18. Qe4 Rfe8 19. Rfe1 Rab8 20. h3 Ba7 21. Re2 Red8 22. Ra1 Rb4 23. Qc2 Bb6 24. Rxa6 Rf4 25. Nd2 Bf5 26. Nde4 Qxe5 27. g3 Rf3 28. Kg2 Rfd3 29.
Ra8 Rxa8 30. Qxd3 Qe6 31. g4 Bg6 32. f4 f5 33. Ng5 Qb3 34. gxf5 Bh5 35. Rd2 hxg5 36.
fxg5 Rf8 37. f6 gxf6 38. g6 Qe6 39. Qg3 f5 40. g7 Re8 41. Rf2 Bg6 42. Kh2 Bxf2 43.
Qxf2 Qe5+ 44. Kg2 Kxg7 45. h4 f4 46. h5 Be4+ 47. Kh2 Kh7 48. Qh4 Rg8 49. h6 Bd5 50. Nxd5 cxd5 51. Qh5 f3+ 52. Kh3 Qxh5# 0-1

[Event "Late-Titled-Tuesday-Blitz-January-23-2024"]
[Site "Chess.com"]
[Date "2024.01.23"]
[Round "8"]
[White "SpeedofLight0"]
[Black "iturrizaga"]
[Result "1-0"]
[WhiteElo "2975"]
[BlackElo "3019"]
[TimeControl "180+1"]
[EndTime "15:25:45 PST"]
[Termination "SpeedofLight0 won on time"]

1. d4 Nf6 2. c4 e6 3. Nf3 Bb4+ 4. Bd2 a5 5. g3 O-O 6. Bg2 d5 7. O-O Be7 8. b3 c6 9. Nc3 Nbd7 10. Qc2 b6 11. e4 Bb7 12. e5 Ne8 13. h4 h6 14.
Rfe1 Nc7 15. Qc1 Kh7 16. Bf1 Rh8 17. Bd3+ Kg8 18. cxd5 exd5 19. Ne2 Ne6 20. Nf4 Ndf8 21.
Bf5 Rc8 22. Qb2 Rc7 23. Rac1 Bc8 24. Nxe6 Bxe6 25. Bb1 Qd7 26. b4 axb4 27. Bxb4 c5 28. Bd2 Rb7 29. Re3 c4 30. Bb4 Qb5 31. a3 Ra7 32. Qc3 Bxb4 33. axb4 Nd7 34. Bc2 Kf8 35.
h5 Ke7 36. Nh4 Rha8 37. f4 Bg4 38. f5 Ra3 39. Qe1 Rxe3 40. Qxe3 Qxb4 41. f6+ gxf6 42. exf6+ Kd8 43. Qxh6 Ra3 44. Qf4 Bxh5 45. Bf5 Qb2 46. Re1 Ra1 47. Rxa1 Qxa1+ 48. Kg2 Qa3 49. Bxd7 Kxd7 50. Qf5+ Kc6 51. Qxh5 Qb2+ 52. Kh3 c3 53. Nf3 c2 54. Ne5+ 1-0

[Event "Late-Titled-Tuesday-Blitz-January-23-2024"]
[Site "Chess.com"]
[Date "2024.01.23"]
[Round "8"]
[White "OneTrickPony_82"]
[Black "Roedor"]
[Result "1-0"]
[WhiteElo "2494"]
[BlackElo "2336"]
[TimeControl "180+1"]
[EndTime "15:25:45 PST"]
[Termination "OneTrickPony_82 won by resignation"]

1. d4 Nf6 2. c4 g6 3. Nc3 Bg7 4. e4 d6 5. Nf3 O-O 6. Be2 e5 7.
O-O Nc6 8. d5 Ne7 9. b4 Ne8 10.
c5 f5 11. a4 Nf6 12. Nd2 g5 13. Ba3 Ng6 14. exf5 Bxf5 15. Bf3 g4 16. Be4 Nxe4 17.
Ndxe4 Rf7 18. cxd6 cxd6 19. b5 Bf8 20. Rc1 Nf4 21.
Ng3 Qh4 22. Nxf5 Rxf5 23. h3 Nxh3+ 24. gxh3 Qxh3 25. Ne4 Bh6 26. Rc3 Rf3 27. Bb2 Bf4 28. Ng3 Bxg3 29. fxg3 Qxg3+ 30. Kh1 Qh3+ 31. Kg1 Rxc3 32.
Bxc3 Qxc3 33. Qxg4+ Kh8 34. Kh1 Rg8 35. Qf5 e4 36. Kh2 Qd2+ 37. Rf2 Qh6+ 38. Qh3 Qxh3+ 39. Kxh3 Rg5 40. Rf7 Re5 41. Kg2 e3 42. Kf1 Rxd5 43. Rxb7 Rd2 44. Rxa7 d5 45. b6 Rb2 46. b7 d4 47.
Ra8+ Kg7 48. b8=Q Rxb8 49. Rxb8 d3 1-0

[Event "Late-Titled-Tuesday-Blitz-January-23-2024"]
[Site "Chess.com"]
[Date "2024.01.23"]
[Round "8"]
[White "shirovin"]
[Black "Walter_White_Poland"]
[Result "1-0"]
[WhiteElo "2032"]
[BlackElo "2321"]
[TimeControl "180+1"]
[EndTime "15:25:47 PST"]
[Termination "shirovin won on time"]

1. e4 e6 2. d4 d5 3. Nc3 Nf6 4.
exd5 exd5 5. Bg5 c6 6. Qd2 Be7 7. O-O-O O-O 8. h4 b5 9. f3 Nbd7 10. g4 Nb6 11. Nh3 Rb8 12. Bd3 Nc4 13. Qe1 Re8 14. Qg3 Bd6 15. Bf4 Bxf4+ 16. Qxf4 Qd6 17. Qxd6 Nxd6 18. Rhe1 Bd7 19. Nf4 Rxe1 20. Rxe1 Re8 21. Rxe8+ Nfxe8 22. g5 Bf5 23. Be2 f6 24. a4 b4 25. Na2 a5 26. Kd2 fxg5 27. hxg5 Nf7 28. g6 hxg6 29. Nc1 g5 30. Nfd3 Ned6 31. Nb3 Nb7 32. Ndc5 Nxc5 33. dxc5 Ne5 34. Nxa5 g4 35. f4 Ng6 36. Nxc6 Nxf4 37. Ne7+ Kf7 38. Nxf5 Ne6 39. c6 g3 40. Bf3 Ke8 41. Bxd5 Nf4 42. Ne3 Kd8 43.
Bf3 Kc7 44. c3 bxc3+ 45. Kxc3 g5 46. b4 g4 47. Be4 Ne2+ 48. Kd3 Nc1+ 49. Kc4 Ne2 50.
b5 Kd6 51. a5 1-0

[Event "Late-Titled-Tuesday-Blitz-January-23-2024"]
[Site "Chess.com"]
[Date "2024.01.23"]
[Round "8"]
[White "M1711"]
[Black "vladislavkovalev"]
[Result "1-0"]
[WhiteElo "2671"]
[BlackElo "2854"]
[TimeControl "180+1"]
[EndTime "15:25:52 PST"]
[Termination "M1711 won on time"]

1. e4 e5 2. Nf3 Nc6 3. Nc3 Nf6 4. Bb5 Bb4 5. O-O Bxc3 6. bxc3 O-O 7. d3 d6 8. Re1 Ne7 9. Nh4 Ng6 10. Nxg6 hxg6 11. Bg5 c6 12. Bc4 Qa5 13. Qf3 Qd8 14. h4 Qe7 15. Rab1 Be6 16. Bxe6 fxe6 17. Qg3 Rf7 18.
d4 Qc7 19. f3 Nh5 20. Qg4 Re8 21. Red1 exd4 22. cxd4 d5 23. Re1 dxe4 24. Rxe4 Qd7 25.
Rbe1 Rf5 26. Qh3 Nf6 27. Bxf6 gxf6 28. Qg3 Kf7 29. c3 b6 30. Rg4 Rg8 31. Rge4 Re8 32. Rg4 Rg8 33. Re2 c5 34. Rge4 cxd4 35. Rxd4 Rd5 36.
Rxd5 exd5 37. Qf4 Re8 38. Rd2 Re5 39. Qh6 Qf5 40. Qh7+ Kf8 41. Qh8+ Kf7 42. Qh7+ Ke6 43. Qxa7 Qf4 44. Qxb6+ Kf7 45. Qa7+ Re7 46. Qf2 Qc4 47.
Qd4 Re1+ 48. Kh2 Qf1 49. Qxd5+ Kg7 50. Qb7+ Kh6 51. Rd7 Qg1+ 52. Kg3 1-0

[Event "Late-Titled-Tuesday-Blitz-January-23-2024"]
[Site "Chess.com"]
[Date "2024.01.23"]
[Round "8"]
[White "bazar-wokzal"]
[Black "jcibarra"]
[Result "0-1"]
[WhiteElo "2601"]
[BlackElo "2858"]
[TimeControl "180+1"]
[EndTime "15:25:55 PST"]
[Termination "jcibarra won by resignation"]

1. e4 Nc6 2. d4 d5 3. e5 Bf5 4. c3 Qd7 5. Bd2 f6 6. f4 h5 7.
Nf3 Nh6 8. Na3 Be4 9. Bb5 a6 10.
Ba4 Nf5 11. O-O h4 12. Qe2 e6 13. b4 Qf7 14. Bxc6+ bxc6 15. Be1 Qh5 16. Nc2 Be7 17. Ne3 Kd7 18. Rd1 Rh6 19. Rd2 Rah8 20. Nxf5 Qxf5 21. Qxa6 Qxf4 22. b5 Qe3+ 23. Bf2 Qxc3 24. Rdd1 Rg6 25. Qxc6+ Qxc6 26. bxc6+ Kxc6 27. exf6 gxf6 28. Rc1+ Kd7 29. Rc3 h3 30. Bg3 Bd6 31. Rfc1 Bxf3 32. gxf3 Bxg3 33. hxg3 Rxg3+ 34. Kh1 Rc8 35. Kh2 Rg2+ 36. Kxh3 Rxa2 37. Kg3 c6 38. Kf4 Kd6 39. Ke3 Ra4 40. Kd3 e5 41.
dxe5+ fxe5 42. R3c2 Rd4+ 43. Ke3 Ra4 44. Rh2 Ra3+ 45.
Kd2 Ra2+ 46. Rc2 Rxc2+ 47. Kxc2 Rf8 48. Rh6+ Kc5 49. Rh3 Kc4 50. Kd2 d4 51. Ke2 c5 52.
Rh5 Re8 53. Rh7 e4 54. f4 Rf8 55. Rf7 Rxf7 0-1

[Event "Late-Titled-Tuesday-Blitz-January-23-2024"]
[Site "Chess.com"]
[Date "2024.01.23"]
[Round "8"]
[White "RantomOpening"]
[Black "AlexOstrovskiy"]
[Result "0-1"]
[WhiteElo "2543"]
[BlackElo "2766"]
[TimeControl "180+1"]
[EndTime "15:25:56 PST"]
[Termination "AlexOstrovskiy won by resignation"]

1. c4 b6 2. Nf3 Bb7 3. d4 e6 4. a3 f5 5. Nc3 Nf6 6. g3 Be7 7. Bg2 O-O 8. O-O Ne4 9. Qc2 Nxc3 10. Qxc3 Bf6 11. Bf4 d6 12. h4 Qe7 13. Rfe1 Nd7 14. Bg5 h6 15. Bxf6 Nxf6 16. Nd2 Bxg2 17. Kxg2 e5 18. Nf3 Rae8 19. e3 Ng4 20. dxe5 dxe5 21. c5 e4 22. Ng1 Ne5 23. Ne2 Nd3 24. Red1 Nxc5 25. Nf4 Qf7 26. Rac1 g5 27. hxg5 hxg5 28. Rh1 Qg7 29. Qxg7+ Kxg7 30. Nd5 c6 31. Nb4 Re6 32. Rh5 Rg6 33. Rch1 a5 34. Rh7+ Kg8 35. Rh8+ Kf7 36. R1h7+ Ke8 37. Nc2 Nd3 38. Nd4 Nxb2 39. Nxf5 Rxh8 40.
Rxh8+ Kd7 41. Rh7+ Ke6 42. g4 Nc4 43. Re7+ Kd5 44.
Re8 Kc5 45. Rxe4 Nxa3 46. Re5+ Kb4 47. Ne7 Rd6 48. f4 Nc4 49. Re4 a4 50. Nf5 Rd2+ 51. Kg3 a3 52. Ne7 Kb5 53. fxg5 a2 54. g6 a1=Q 55. g7 Qxg7 56. Nf5 Qc7+ 57. Kf3 Rh2 58. Rf4 Nd2+ 59. Kg3 Rh1 60. Nd4+ Ka6 61. g5 Rg1+ 62. Kf2 Rf1+ 63. Kg3 Rxf4 64. exf4 Ne4+ 65. Kg4 Nf2+ 66. Kh5 Qxf4 67. Nxc6 Ne4 68. Kg6 Qxg5+ 69. Kh7 Qh5+ 70. Kg8 Qg6+ 71. Kh8 Qxc6 72. Kg8 Qc7 73. Kh8 b5 0-1